 Dungeon Crawl Stone Soup version 0.22-a0-407-gb098539 (webtiles) character file.

40 dstrtnsr the Chopper (level 3, 0/33 HPs)
             Began as a Hill Orc Berserker on May 9, 2018.
             Was a Believer of Trog.
             Slain by a worm (10 damage)
             ... on level 2 of the Dungeon.
             The game lasted 00:00:39 (746 turns).

dstrtnsr the Chopper (Hill Orc Berserker)            Turns: 746, Time: 00:00:40

Health: 0/33       AC:  2    Str: 20    XL:     3   Next: 50%
Magic:  3/3        EV: 12    Int:  7    God:    Trog [**....]
Gold:   46         SH:  0    Dex: 10    Spells: 2/2 levels left

rFire    . . .     SeeInvis .   a - +0 hand axe
rCold    . . .     Gourm    .   (no shield)
rNeg     . . .     Faith    .   b - +0 animal skin
rPois    .         Spirit   .   (no helmet)
rElec    .         Reflect  .   (no cloak)
rCorr    .         Harm     .   (no gloves)
MR       .....                  (no boots)
Stlth    +.........             (no amulet)
HPRegen  0.11/turn              (no ring)
MPRegen  0.08/turn              (no ring)

@: lethally poisoned (0 -> -4), berserk cooldown, slowed, very slow
A: no striking features
a: Berserk, Trog's Hand, Renounce Religion


You were on level 2 of the Dungeon.
You worshipped Trog.
Trog was pleased with you.
You were very hungry.

You visited 1 branch of the dungeon, and saw 2 of its levels.

You collected 46 gold pieces.

Inventory:

Hand Weapons
 a - a +0 hand axe (weapon)
Armour
 b - a +0 animal skin (worn)
Scrolls
 c - a scroll of blinking {unknown}
 f - a scroll of amnesia {unknown}
 h - a scroll of identify {unknown}
 j - a scroll of fog {unknown}
 m - a scroll of remove curse {unknown}
Potions
 g - 3 potions of brilliance {unknown}
 i - a potion of curing {unknown}
 k - 2 potions of flight {unknown}
 l - a potion of ambrosia {unknown}
Comestibles
 e - 5 rations {!d}


   Skills:
 + Level 4.2 Fighting
 * Level 5.3 Axes
 - Level 2.1 Armour
 - Level 1.5 Dodging


You had 2 spell levels left.
You didn't know any spells.

Dungeon Overview and Level Annotations

Branches:
Dungeon (2/15)

Altars:


Message History

Trog accepts your kill.
You see here a club.
The frilled lizard bites you.
You barely miss the frilled lizard.
The frilled lizard completely misses you.
You slash the frilled lizard!
You kill the frilled lizard!
Trog accepts your kill.
No target in view!
No target in view!
No target in view!
No target in view!
No target in view!
No target in view!
No target in view!
No target in view!
You now have 46 gold pieces (gained 12).
k - 2 murky grey potions (gained 1)
Found a stone staircase leading up.
There is a stone staircase leading up here.
A hobgoblin comes into view.
The hobgoblin shouts!
A goblin comes into view. It is wielding a dagger.
There are monsters nearby!
There are monsters nearby!
There are monsters nearby!
The goblin shouts!
You hit the hobgoblin.
The hobgoblin is lightly wounded.
The hobgoblin closely misses you.
You closely miss the hobgoblin.
The hobgoblin is lightly wounded.
The hobgoblin hits you. The hobgoblin misses you.
You barely miss the hobgoblin.
The hobgoblin is lightly wounded.
The hobgoblin barely misses you.
You closely miss the hobgoblin.
The hobgoblin is lightly wounded.
You hit the goblin.
You kill the goblin!
Trog accepts your kill. The hobgoblin barely misses you.
A red film seems to cover your vision as you go berserk!
You feel yourself moving faster!
You feel mighty!
You are feeling very hungry.
The hobgoblin closely misses you.
You hit the hobgoblin but do no damage.
The hobgoblin is lightly wounded.
You slash the hobgoblin!
You kill the hobgoblin!
Trog accepts your kill.
Unknown command.
You feel a strong urge to attack something.
An adder comes into view.
Unknown command.
A worm comes into view.
Calm down first, please.
You feel your anger nearly subside.
There are monsters nearby!
You are no longer berserk.
You are exhausted.
You feel yourself slow down.
Found a stone staircase leading down.
The worm bites you.
You hit the adder.
The adder is lightly wounded.
You hit the worm but do no damage. The adder bites you.
The worm closely misses you. The adder closely misses you.
You closely miss the adder.
The adder is lightly wounded.
You barely miss the worm. The adder barely misses you.
The worm completely misses you. The adder barely misses you.
An adder comes into view.
The adder hisses angrily.
You hit the adder.
The adder is severely wounded.
You barely miss the worm. The adder barely misses you.
The worm barely misses you.
You closely miss the adder.
The adder is severely wounded.
You hit the worm. The adder misses you. The adder closely misses you.
The worm completely misses you.
You closely miss the adder.
The adder is severely wounded.
You hit the worm. The adder closely misses you. The adder barely misses you.
The worm bites you but does no damage. The adder barely misses you.
You closely miss the adder.
The adder is severely wounded.
You hit the adder. You hit the worm but do no damage.
The adder bites you but does no damage. The adder bites you.
You are poisoned.
The adder poisons you! The adder barely misses you. The worm bites you!
The adder bites you.
Unknown command.
You are too injured to fight recklessly!
You are too injured to fight recklessly!
You are too injured to fight recklessly!
Unknown command.
You feel sick. The worm bites you!
You die...

#>##.....
#........ #
#....... ####
#....... .<.#
#.#.##.# ##.#
#....#.# ##.#
#.#####..#w#
#.#
#.....)†SS@#
#.# ######.(###
#.##########..#
#.............#
#############.#
#.# #.# #.# .#


You could see a worm and 2 adders.

Vanquished Creatures
  An adder (D:2)
  An ooze (D:2)
  2 giant cockroaches (D:1)
  4 goblins
  5 hobgoblins
  4 bats
  3 frilled lizards
  3 kobolds
  5 rats (D:1)
28 creatures vanquished.

Notes
Turn   | Place    | Note
-------+----------+-------------------------------------------
     0 | D:1      | dstrtnsr the Hill Orc Berserker began the quest for the Orb.
     0 | D:1      | Reached XP level 1. HP: 19/19 MP: 1/1
   115 | D:1      | Reached XP level 2. HP: 22/27 MP: 2/2
   408 | D:2      | Reached skill level 5 in Axes
   408 | D:2      | Reached XP level 3. HP: 28/33 MP: 3/3
   608 | D:2      | Reached ** piety under Trog
   745 | D:2      | HP: 12/33 [worm (7)]
   746 | D:2      | Slain by a worm

Vault maps used:
D:1:      scummos_arrival_gate, minmay_fountain_box, minmay_tromino_v4_b
D:2:      nicolae_overflow_hidden_temple, gammafunk_temple_overflow_elements

Skill      XL: |  1  2 |
---------------+-------+-----
Fighting       | 4 |  4.2
Axes           | 5 |  5.3
Armour         | |  2.1
Dodging        | |  1.5

Action                   || total
-------------------------++-------
Melee: Hand axe          ||    74
Invok: Berserk           ||     2
Armor: Animal skin       ||    14
Dodge: Dodged            ||    63

Table legend:
 A = Spawn XP
 B = Non-spawn XP
 C = Spawn XP percentage of total XP
 D = Spawn monster count
 E = Non-spawn monster count
 F = Spawn count percentage of total count
 G = Total turns spent on level
                    A         B        C        D         E        F      G
               +---------+---------+-------+---------+---------+-------+---------
         Total |       0 |      58 |   0.0 |       0 |      28 |   0.0 |   746
               +---------+---------+-------+---------+---------+-------+---------
           D:1 |       0 |      23 |   0.0 |       0 |      17 |   0.0 |   393
           D:2 |       0 |      35 |   0.0 |       0 |      11 |   0.0 |   353
               +---------+---------+-------+---------+---------+-------+---------
